 Dungeon Sprint DCSS version 0.27.1-2-g3b301248ec (webtiles) character file.

Game seed: 1021250815701093318

5049 boopmooplesden the Severer (level 10, -11/102 HPs)
             Began as a Minotaur Fighter on Sept 22, 2021.
             Was an Elder of Okawaru.
             Killed from afar by a manticore (18 damage)
             ... with a volley of spikes
             ... summoned by Kirke
             ... in the Dungeon (Sprint II: "The Violet Keep of Menkaure").
             The game lasted 00:09:39 (2678 turns).

boopmooplesden the Severer (Minotaur Fighter)       Turns: 2678, Time: 00:09:40

Health: -11/102    AC:  0    Str: 24    XL:     10   Next: 30%
Magic:  10/10      EV: 15    Int:  5    God:    Okawaru [****..]
Gold:   105        SH:  0    Dex:  8    Spells: 9/9 levels left

rFire    + . .     SeeInvis .   (weapon currently unavailable)
rCold    + . .     Faith    .   (shield currently unavailable)
rNeg     . . .     Spirit   .   (armour currently unavailable)
rPois    +         Reflect  .   (helmet currently unavailable)
rElec    +         Harm     .   (cloak currently unavailable)
rCorr    +         Rampage  .   (gloves currently unavailable)
Will     .....     NoTele   +   (boots currently unavailable)
Stlth    +.........             (no amulet)
HPRegen  0.27/turn              (ring currently unavailable)
MPRegen  0.12/turn              (ring currently unavailable)

@: pig-form, resistant, spiked, very quick
A: fast, no casting, small, (horns 2), (retaliatory headbutt), clumsy 1
a: Renounce Religion, Heroism


You were in the Dungeon.
You worshipped Okawaru.
Okawaru was greatly pleased with you.
You were a filthy swine.
You visited 1 branch You collected 1257 gold pieces.
You spent 1152 gold pieces at shops.

Inventory:

Hand Weapons
 b - a +1 hand axe of electrocution
 v - a +1 war axe of electrocution (melded)
Armour
 c - a +0 kite shield (melded)
 d - a +1 hat (melded)
 k - a +0 pair of boots (melded)
 l - a +3 chain mail of cold resistance (melded)
 m - a +0 cloak of poison resistance (melded)
 w - a +0 plate armour
Jewellery
 a - the ring "Xupriahi" (melded) {Str+3 Dex+2 SInv}
   (You bought it in a shop in the Dungeon)

   [ring of see invisible]

   Str:       It affects your strength (+3).
   Dex:       It affects your dexterity (+2).
   SInv:      It lets you see invisible.
 n - a ring of fire (melded)
 t - a +4 ring of evasion
Scrolls
 j - 2 scrolls of blinking
Potions
 e - 3 potions of curing
 g - a potion of haste
 h - 5 potions of magic
 i - a potion of mutation {unknown}
 p - a potion of ambrosia {unknown}
 q - a potion of might
 s - a potion of attraction {unknown}
 u - a potion of berserk rage


   Skills:
 + Level 13.7 Fighting
 + Level 15.0 Axes
 + Level 13.7 Armour
 + Level 7.1 Dodging
 + Level 1.1 Stealth
 + Level 13.6 Shields
 + Level 1.8 Invocations


You had 9 spell levels left.
You didn't know any spells.
Your spell library contained the following spells:

 Spells                   Type           Power      Damage    Failure   Level
 Freeze                   Ice            0%         1d3       47%         1
 Slow                     Hex            0%         N/A       63%         2
 Confusing Touch          Hex            0%         N/A       85%         3
 Frozen Ramparts          Ice            0%         1d2       85%         3
 Hailstorm                Conj/Ice       0%         3d3       99%         4
 Yara's Violent Unravell  Hex/Tmut       0%         3d3       100%        5


Dungeon Overview and Level Annotations

Branches:
Dungeon (1/1)

Altars:
Cheibriados
Dithmenos
Elyvilon
Fedhas
Gozag
Hepliaklqana
Kikubaaqudgha
Makhleb
Nemelex Xobeh
Okawaru
Qazlal
Ru
Sif Muna
Trog
Uskayaw
Vehumet
Wu Jian
Xom
Yredelemnul
Zin
The Shining One
Beogh
Jiyva
Lugonu

Shops:
D :[(([!!=[=?[:[=

Annotations:
D exclusion: oklob plant, Kirke, Roxanne


Innate Abilities, Weirdness & Mutations

You are a filthy swine.
You move quickly.
Your equipment is almost entirely melded.
You are incapable of wielding weapons or throwing items.
You cannot cast spells.
((You have a pair of horns on your head.))
((You reflexively headbutt those who attack you in melee.))
You are clumsy. (Dex -2)


Message History

You hear a shout!
You barely miss Kirke.
Kirke is moderately wounded.
Kirke is engulfed in freezing vapours.
Kirke hits you!
The neqoxec is engulfed in freezing vapours.
The kobold demonologist is engulfed in freezing vapours.
The manticore bites you! The manticore misses you.
The manticore closely misses you.
Kirke is engulfed in freezing vapours.
The neqoxec is engulfed in freezing vapours.
The manticore closely misses you. The manticore claws you.
The manticore closely misses you.
Kirke throws some mysterious powder.
The manticore flicks its tail.
The volley of spikes hits you!
The barbed spikes become lodged in your body.
* * * LOW HITPOINT WARNING * * *
There is an open door here.
The barbs in your skin will harm you if you move.
Continue?
Okay, then.
There are monsters nearby!
The barbs in your skin will harm you if you move.
Continue?
Okay, then.
You hit the ice devil.
The ice devil is lightly wounded.
You hit the ice devil but do no damage.
The ice devil is lightly wounded.
The manticore flicks its tail.
The volley of spikes hits you!
The barbed spikes become lodged in your body.
* * * LOW HITPOINT WARNING * * *
The ice devil closely misses you. Kirke casts a spell at you.
You barely resist. The neqoxec gestures at you.
Something tries to feed on your intellect!
You feel protected.
You feel like a meek peon again.
The manticore flicks its tail.
The volley of spikes hits you!!
The barbed spikes become lodged in your body.
You die... z

###≈≈○°≈≈≈○○## #° K@.≈##≈°≈○≈≈°##
#○ ##########≈≈#+++#+++## #
#########≈≈≈....z°...# #
....∩.∩.#≈≈≈≈.##°##..# #
...∩....#≈≈≈≈##K#.##.#### +^##.#
..∩.∩...#≈≈≈≈#3H#z.#....# ...##
.⌠.∩....#≈≈####@.4####..## #.^##
..∩.∩...#≈##.###h###.##..# +..#.
...∩.∩..#≈#.#.##.##...#..# #..#.
....∩.∩.'≈'##.'.<.'###'..####^.##
.....∩.∩#≈##..##.##...#....###...
▓▓▓▓▓▓###≈##.###'###.##..†...≈≈≈≈
(ZD######≈≈####.#.####≈≈.....≈#)#
($Z#$ ##≈≈≈#..#..#≈§≈§≈§§§.§#..
∩P$+$ #'#≈###.###≈≈≈≈≈≈≈§.≈#..
[.) $# #(#≈§##'##≈§≈≈≈≈≈§≈≈≈#..


You could see Kirke, a skeletal warrior, a manticore (summoned), an ice devil
(summoned), a kobold demonologist and a neqoxec (summoned).

Vanquished Creatures
  2 boulder beetles (D)
  An ice statue (D)
  A yaktaur (D)
  3 polar bears (D)
  A hornet (D)
  6 flying skulls (D)
  Menkaure (D)
  4 neqoxecs (D)
  A vampire mosquito (D)
  3 water moccasins (D)
  4 necrophages (D)
  4 scorpions (D)
  4 lava snakes (D)
  A tentacle (D)
36 creatures vanquished.

Vanquished Creatures (others)
  6 flying skulls (D)
  A water moccasin (D)
  24 tentacles (D)
31 creatures vanquished.

Grand Total: 67 creatures vanquished

Notes
Turn   | Place    | Note
-------+----------+-------------------------------------------
     0 | D        | boopmooplesden the Minotaur Fighter began the quest for the
                  | Orb.
     0 | D        | Reached XP level 1. HP: 19/19 MP: 0/0
     1 | D        | Noticed a boulder beetle
     1 | D        | Noticed a boulder beetle
     4 | D        | Noticed a necrophage
     4 | D        | Noticed a necrophage
     4 | D        | Noticed a necrophage
     4 | D        | Noticed a necrophage
    11 | D        | Killed a necrophage
    12 | D        | Reached skill level 3 in Axes
    12 | D        | Reached XP level 2. HP: 14/31 MP: 1/1
    12 | D        | Reached XP level 3. HP: 17/38 MP: 2/2
    12 | D        | Reached XP level 4. HP: 20/45 MP: 3/3
    17 | D        | Killed a necrophage
    18 | D        | Reached skill level 4 in Axes
    18 | D        | Reached XP level 5. HP: 26/53 MP: 4/4
    25 | D        | Killed a necrophage
    26 | D        | Reached skill level 5 in Axes
    26 | D        | Reached skill level 1 in Dodging
    29 | D        | Killed a necrophage
    30 | D        | Reached skill level 6 in Axes
    30 | D        | Reached XP level 6. HP: 31/64 MP: 5/5
   184 | D        | Killed a water moccasin
   199 | D        | Reached skill level 7 in Axes
   204 | D        | Reached skill level 10 in Fighting
   208 | D        | Reached XP level 7. HP: 34/72 MP: 6/6
   213 | D        | Reached skill level 8 in Axes
   213 | D        | Reached skill level 10 in Armour
   394 | D        | Noticed a neqoxec
   394 | D        | Noticed a neqoxec
   394 | D        | Noticed a neqoxec
   394 | D        | Noticed a neqoxec
   399 | D        | Gained mutation: You are clumsy. (Dex -2) [a neqoxec]
   401 | D        | Killed a neqoxec
   402 | D        | Reached skill level 10 in Shields
   404 | D        | Killed a neqoxec
   404 | D        | Lost intelligence.
   405 | D        | Reached skill level 9 in Axes
   409 | D        | Killed a neqoxec
   412 | D        | Killed a neqoxec
   413 | D        | Reached skill level 10 in Axes
   413 | D        | Reached XP level 8. HP: 62/82 MP: 7/7
   429 | D        | Found Aliz's Jewellery Shop.
   430 | D        | Found Hots's Armour Boutique.
   430 | D        | Found Mihonepelu's Magic Scroll Shop.
   430 | D        | Found Viudoch's Distillery.
   430 | D        | Found Mehek's Antique Armour Boutique.
   430 | D        | Found Woafosugh's Antique Armour Shop.
   430 | D        | Found Etuyvoev's Jewellery Shop.
   430 | D        | Found Tuk Vobb's Antique Weapon Boutique.
   430 | D        | Found Ecwy's Book Shop.
   430 | D        | Found Uryhiq's Distillery.
   431 | D        | Found Lugut's Antique Weapon Shop.
   431 | D        | Found Qitz's Armour Boutique.
   432 | D        | Found Dulaeff's Antique Armour Boutique.
   432 | D        | Found Leur's Jewellery Shop.
   432 | D        | Noticed Menkaure
   447 | D        | Killed Menkaure
   451 | D        | Noticed an oklob plant
   452 | D        | Found Ufakkiumm's Book Shoppe.
   453 | D        | Noticed a fire dragon
   454 | D        | Bought a glowing hat for 154 gold pieces
   454 | D        | Bought a pair of boots for 99 gold pieces
   472 | D        | Bought a shiny chain mail for 180 gold pieces
   472 | D        | Bought a glowing cloak for 180 gold pieces
   527 | D        | Noticed an ice statue
   540 | D        | Found a snail-covered altar of Cheibriados.
   541 | D        | Found a shadowy altar of Dithmenos.
   541 | D        | Found a viscous altar of Jiyva.
   542 | D        | Found a white marble altar of Elyvilon.
   542 | D        | Found an ancient bone altar of Kikubaaqudgha.
   543 | D        | Found a blossoming altar of Fedhas.
   543 | D        | Found a corrupted altar of Lugonu.
   543 | D        | Found a shimmering blue altar of Sif Muna.
   544 | D        | Found an opulent altar of Gozag.
   544 | D        | Found a burning altar of Makhleb.
   544 | D        | Found a bloodstained altar of Trog.
   545 | D        | Found a sparkling altar of Nemelex Xobeh.
   545 | D        | Found a hide-covered altar of Uskayaw.
   546 | D        | Found a basalt altar of Yredelemnul.
   547 | D        | Found an iron altar of Okawaru.
   547 | D        | Found a radiant altar of Vehumet.
   547 | D        | Found a glowing silver altar of Zin.
   547 | D        | Found a hazy altar of Hepliaklqana.
   547 | D        | Found a sacrificial altar of Ru.
   547 | D        | Found a shimmering altar of Xom.
   547 | D        | Noticed a hornet
   547 | D        | Noticed a polar bear
   547 | D        | Noticed a polar bear
   548 | D        | Found a stormy altar of Qazlal.
   548 | D        | Found an ornate altar of the Wu Jian Council.
   548 | D        | Found a glowing golden altar of the Shining One.
   548 | D        | Noticed a yaktaur
   557 | D        | Became a worshipper of Warmaster Okawaru
   571 | D        | Killed a hornet
   572 | D        | Reached skill level 11 in Axes
   579 | D        | Killed a polar bear
   580 | D        | Reached skill level 5 in Dodging
   582 | D        | Killed a yaktaur
   582 | D        | Reached * piety under Okawaru
   583 | D        | Reached skill level 12 in Axes
   583 | D        | Reached XP level 9. HP: 77/90 MP: 8/8
   590 | D        | Killed a polar bear
   658 | D        | Noticed a polar bear
   680 | D        | Killed a polar bear
   681 | D        | Reached skill level 13 in Axes
   892 | D        | Noticed a kraken
  1484 | D        | Identified Roxanne's Disquisition on Shape Shifting
  1484 | D        | Noticed Roxanne
  1692 | D        | Bought a runed war axe for 149 gold pieces
  1733 | D        | Killed an ice statue
  2076 | D        | Bought the ring "Xupriahi" {Str+3 Dex+2 SInv} for 390 gold
                  | pieces
  2125 | D        | Reached ** piety under Okawaru
  2126 | D        | Reached skill level 14 in Axes
  2572 | D        | Killed a boulder beetle
  2572 | D        | Reached *** piety under Okawaru
  2573 | D        | Reached skill level 1 in Invocations
  2573 | D        | Reached XP level 10. HP: 86/101 MP: 8/10
  2629 | D        | Killed a boulder beetle
  2629 | D        | Reached **** piety under Okawaru
  2630 | D        | Reached skill level 15 in Axes
  2630 | D        | Reached skill level 1 in Stealth
  2648 | D        | Noticed Kirke
  2648 | D        | Noticed a skeletal warrior
  2672 | D        | Noticed a manticore
  2678 | D        | Killed from afar by a manticore

Illustrated notes

Levels and vault maps discovered:
D:        the_violet_keep_of_menkaure [sprint2_stairs_cluster_1,
          sprint2_shoproom, sprint2_temple, sprint2_basic_supplies,
          sprint2_obstacle_5, sprint2_obstacle_6, sprint2_obstacle_2,
          sprint2_obstacle_1, sprint2_obstacle_7, sprint2_timed_cluster_1,
          sprint2_smallroom_cluster_1, sprint2_smallroom_final_cluster_1,
          sprint2_transparent_cluster_1, sprint2_second_timed_cluster_1,
          sprint2_sniper_area_1, sprint2_heavy_combat_area_1,
          sprint2_mutation_trap_area_1, sprint2_forest_area_1,
          sprint2_light_combat_area_1, sprint2_behind_water_1,
          sprint2_near_end_vault_1]

Skill      XL: |  1  2  3  4  5  6  7  8  9 10 |
---------------+-------------------------------+-----
Fighting       | 6 8 9 10 11 12 13 | 13.7
Axes           | 3 4 6 7 10 12 14 15 | 15.0
Armour         | 6 7 9 10 11 13 | 13.7
Shields        | 6 7 9 10 11 13 | 13.6
Dodging        | 1 2 4 5 6 7 |  7.1
Invocations    | 1 |  1.8
Stealth        | 1 |  1.1

Action                   |  1- 3 |  4- 6 |  7- 9 | 10-12 || total
-------------------------+-------+-------+-------+-------++-------
Melee: War axe           |     6 |    27 |   149 |     7 ||   189
       Headbutt          |       |     4 |    30 |     1 ||    35
       Unarmed           |       |       |       |    14 ||    14
Invok: Heroism           |       |       |     4 |     1 ||     5
  Use: Potion            |       |       |     9 |     2 ||    11
       Scroll            |       |       |     4 |       ||     4
Armor: Scale mail        |     1 |     7 |     8 |       ||    16
       Chain mail        |       |       |    85 |     3 ||    88
Dodge: Dodged            |     2 |     8 |    59 |    10 ||    79
Block: Kite shield       |     3 |    13 |   114 |     1 ||   131
